 Dungeon Sprint DCSS version 0.24-a0-244-ga6a6ab7 (webtiles) character file.

Game seed: 14308157446672140733

589 MikeHunt the Cleaver (level 7, -5/72 HPs)
             Began as a Deep Dwarf Berserker on Apr 10, 2019.
             Was an Elder of Trog.
             Slain by a sun demon (13 damage)
             ... summoned by a kobold demonologist
             ... in the Dungeon (Sprint III: "The Ten Rune Challenge").
             The game lasted 00:03:00 (428 turns).

MikeHunt the Cleaver (Deep Dwarf Berserker)          Turns: 428, Time: 00:03:00

Health: -5/72      AC:  2    Str: 20    XL:     7   Next: 15%
Magic:  6/6        EV: 16    Int:  8    God:    Trog [****..]
Gold:   8          SH:  0    Dex: 14    Spells: 6/6 levels left

rFire    . . .     SeeInvis .   a - +0 hand axe
rCold    . . .     Gourm    .   (no shield)
rNeg     . . .     Faith    .   b - +0 animal skin
rPois    .         Spirit   .   (no helmet)
rElec    .         Reflect  .   (no cloak)
rCorr    .         Harm     .   (no gloves)
MR       +....     NoTele   +   (no boots)
Stlth    +.........             (no amulet)
HPRegen  0.00/turn              (no ring)
MPRegen  0.10/turn              (no ring)

@: berserk cooldown, non-regenerating, slowed, very slow
A: damage resistance, heal wounds, sense surroundings 1, no regeneration
a: Heal Wounds, Berserk, Trog's Hand, Brothers in Arms, Renounce Religion


You were in the Dungeon.
You worshipped Trog.
Trog was greatly pleased with you.
You were not hungry.

You visited 1 branch You collected 8 gold pieces.

Inventory:

Hand Weapons
 a - a +0 hand axe (weapon)
Armour
 b - a +0 animal skin (worn)
Wands
 k - a wand of clouds (5)
Scrolls
 i - a scroll of blinking
 m - a scroll of holy word {unknown}
 o - 4 scrolls of remove curse
 q - a scroll of immolation {unknown}
Potions
 d - a potion of curing
 e - 2 potions of heal wounds
 f - 3 potions of haste
 g - 2 potions of magic
 h - a potion of berserk rage
 j - a potion of flight
 l - 2 potions of mutation
 p - a potion of might {unknown}
 r - a potion of invisibility
Comestibles
 c - 2 rations


   Skills:
 + Level 7.4 Fighting
 + Level 12.9 Axes
 - Level 2.1 Armour
 - Level 7.5 Dodging


You had 6 spell levels left.
You didn't know any spells.
Your spell library was empty.

Dungeon Overview and Level Annotations

Branches:
Dungeon (1/1)

Altars:
Dithmenos
Elyvilon
Kikubaaqudgha
Ru
Sif Muna
Vehumet
Yredelemnul
Zin
The Shining One


Innate Abilities, Weirdness & Mutations

You are resistant to damage.
You can heal yourself by infusing magical energy.
You passively map a small area around you.
You do not regenerate.


Message History

Trog appreciates your killing of a magic user.
You barely miss the kobold demonologist.
The kobold demonologist completely misses you.
You hit the kobold demonologist but do no damage.
The kobold demonologist looks braver for a moment.
You closely miss the kobold demonologist.
The kobold demonologist casts a cantrip, but nothing happens.
You miss the kobold demonologist.
The kobold demonologist closely misses you.
You hit the kobold demonologist but do no damage.
The kobold demonologist mumbles some strange words.
You miss the kobold demonologist.
The kobold demonologist hits you with a +0 dagger.
You hit the kobold demonologist.
The kobold demonologist is moderately wounded.
The sun demon hits you!
You are engulfed in flames!
The sun demon hits you!
You are engulfed in flames!
The sun demon hits you!
* * * LOW HITPOINT WARNING * * *
You are engulfed in flames!
You die...

▓▓▓▓▓▓▓▓▓▓▓ ▓▓▓ .#..'.....♣♣
♣.##### #### .#..#....♣.♣
♣.#___# #__# * '####....♣.♣
♣.#.).# #)_#
....#....≈♣♣♣♣♣.###'#+###'##
....#...≈≈......#..........#,,
...)#..≈≈≈≈♣..♣.@.⌠........#,
###'#..≈≈≈≈≈≈♣♣.#3K.######+#
....#.≈≈≈≈≈≈....#.⌠.# * * * *
....#.≈≈≈≈≈.....#...# , ≈≈
....#.≈≈≈.......#)### ,, ≈
#####...........#.::# +
........÷.......#___# _ *
▓▓▓▓▓▓▓▓▓▓▓▓▓▓▓▓▓▓▓▓▓ ** * , ≈
≈ , ** ≈ ,


You could see a sun demon and a kobold demonologist.

Vanquished Creatures
  A deep elf mage (D)
  A necrophage (D)
  A water elemental (D)
  A wizard (D)
  A necromancer (D)
  A human (D)
  An ooze (D)
  A phantom (D)
  3 rats (D)
11 creatures vanquished.

Vanquished Creatures (others)
  2 draconian scorchers (D)
  A yaktaur (D)
  6 hellions (D)
  4 plants (D)
13 creatures vanquished.

Grand Total: 24 creatures vanquished

Notes
Turn   | Place    | Note
-------+----------+-------------------------------------------
     0 | D        | MikeHunt the Deep Dwarf Berserker began the quest for the
                  | Orb.
     0 | D        | Reached XP level 1. HP: 20/20 MP: 1/1
     7 | D        | Reached skill level 4 in Axes
    14 | D        | Reached ** piety under Trog
    46 | D        | Reached skill level 6 in Axes
    46 | D        | Reached XP level 2. HP: 5/27 MP: 2/2
    62 | D        | Reached XP level 3. HP: 28/33 MP: 3/3
   103 | D        | Killed a hellion
   112 | D        | Killed a hellion
   119 | D        | Noticed a water elemental
   126 | D        | Killed a water elemental
   126 | D        | Reached *** piety under Trog
   126 | D        | Reached skill level 8 in Axes
   126 | D        | Reached skill level 5 in Dodging
   126 | D        | Reached XP level 4. HP: 23/40 MP: 4/4
   133 | D        | Killed a white draconian scorcher
   143 | D        | Killed a yaktaur
   146 | D        | Killed a hellion
   147 | D        | Killed a hellion
   147 | D        | Killed a hellion
   151 | D        | Killed a white draconian scorcher
   158 | D        | Killed a hellion
   240 | D        | Found a basalt altar of Yredelemnul.
   240 | D        | Found a shadowy altar of Dithmenos.
   240 | D        | Found a sacrificial altar of Ru.
   240 | D        | Noticed a necrophage
   245 | D        | Killed a necrophage
   245 | D        | Reached skill level 10 in Axes
   245 | D        | Reached XP level 5. HP: 45/45 MP: 5/5
   381 | D        | Found a glowing silver altar of Zin.
   381 | D        | Found a glowing golden altar of the Shining One.
   381 | D        | Found a white marble altar of Elyvilon.
   382 | D        | Noticed a deep elf mage
   395 | D        | Killed a deep elf mage
   395 | D        | Reached **** piety under Trog
   395 | D        | Reached skill level 12 in Axes
   395 | D        | Reached XP level 6. HP: 55/66 MP: 5/5
   395 | D        | Reached XP level 7. HP: 60/72 MP: 6/6
   412 | D        | Found a radiant altar of Vehumet.
   412 | D        | Found a deep blue altar of Sif Muna.
   412 | D        | Found an ancient bone altar of Kikubaaqudgha.
   423 | D        | Noticed a sun demon
   428 | D        | Slain by a sun demon

Levels and vault maps discovered:
D:        dungeon_sprint_mu [sprint_mu_entry_forest, sprint_mu_temple_rooms,
          sprint_mu_d1_horrors, sprint_mu_d2_genie, sprint_mu_d3_branching,
          sprint_mu_orc_legion, sprint_mu_elf_gauntlet, sprint_mu_hive_nellie,
          sprint_mu_lair_fedhas, sprint_mu_vaults_butterflies,
          sprint_mu_slime_circle, sprint_mu_swamp_cave, sprint_mu_shoals_kraken,
          sprint_mu_blade_basic, sprint_mu_crypt_chambers,
          sprint_mu_tomb_spiral, sprint_mu_vestibule_basic,
          sprint_mu_gehenna_hellfire, sprint_mu_dis_giant,
          sprint_mu_tartarus_statrot, sprint_mu_cocytus_islands, sprint_mu_zot1]

Skill      XL: |  1  2  3  4  5 |
---------------+----------------+-----
Axes           | 6 8 10 12 | 12.9
Dodging        | 4 5 7 |  7.5
Fighting       | 7 |  7.4
Armour         | |  2.1

Action                   |  1- 3 |  4- 6 |  7- 9 || total
-------------------------+-------+-------+-------++-------
Melee: Hand axe          |    24 |    17 |    10 ||    51
Invok: Berserk           |     2 |     2 |       ||     4
 Abil: Heal Wounds       |     1 |     2 |     1 ||     4
  Use: Scroll            |     3 |       |       ||     3
  Eat: Chunk             |       |     1 |       ||     1
       Ration            |       |       |     1 ||     1
Armor: Animal skin       |     3 |       |       ||     3
Dodge: Dodged            |     8 |     4 |     2 ||    14

Table legend:
 A = Non-vault XP
 B = Vault XP
 C = Vault XP percentage of total XP
 D = Non-vault monster count
 E = Vault monster count
 F = Vault count percentage of total count
                 A         B        C        D         E       F
            +---------+---------+-------+---------+---------+-------
      Total |       0 |     842 | 100.0 |       0 |      11 | 100.0
            +---------+---------+-------+---------+---------+-------
          D |       0 |     842 | 100.0 |       0 |      11 | 100.0
            +---------+---------+-------+---------+---------+-------
